 Dungeon Crawl Stone Soup version 0.26-b1-32-g5d43845318 (webtiles) character file.

Game seed: 4832106082370886222

6419 Borgoz the Basher (level 10, -9/94 HPs)
             Began as a Gargoyle Gladiator on Jan 11, 2021.
             Mangled by an orc warrior
             ... wielding a +0 glaive
              (25 damage)
             ... in a bailey.
             The game lasted 00:16:08 (8789 turns).

Borgoz the Basher (Gargoyle Gladiator)              Turns: 8789, Time: 00:16:09

Health: -9/94      AC: 21    Str: 19    XL:     10   Next: 98%
Magic:  0/10       EV: 14    Int:  8    God:
Gold:   194        SH:  0    Dex: 14    Spells: 9/9 levels left

rFire    . . .     SeeInvis .   t - +2 flail (drain)
rCold    . . .     Faith    .   (no shield)
rNeg     + . .     Spirit   +   a - +1 scale mail "Conoepao" {Regen+ Slay+3 Stlth+}
rPois    ∞         Reflect  .   c - +0 helmet
rElec    +         Harm     .   m - +0 cloak
rCorr    .         Rampage  .   x - +0 pair of gloves
Will     .....                  i - +0 pair of boots
Stlth    ..........             d - amulet of guardian spirit
HPRegen  0.65/turn              (no ring)
MPRegen  0.12/turn              (no ring)

@: berserking, very quick
A: negative energy resistance 1, electricity resistance, unbreathing,
petrification resistance, miasma immunity, AC +7
a: no special abilities


You were in a bailey.
You visited 1 branch of the dungeon, and saw 8 of its levels.
You also visited: Sewer and Bailey.

You collected 473 gold pieces.
You spent 279 gold pieces at shops.

Inventory:

Hand Weapons
 t - a +2 flail of draining (weapon)
Armour
 a - the +1 scale mail "Conoepao" (worn) {Regen+ Slay+3 Stlth+}
   (You bought it in a shop on level 6 of the Dungeon)

   It affects your accuracy and damage with ranged weapons and melee attacks
   (+3).
   It increases your rate of regeneration.
   It makes you more stealthy.
 c - a +0 helmet (worn)
 i - a +0 pair of boots (worn)
 m - a +0 cloak (worn)
 x - a +0 pair of gloves (worn)
 A - a +2 ring mail of fire resistance
Jewellery
 d - an amulet of guardian spirit (around neck)
 r - an uncursed ring of fire
 u - an uncursed amulet of regeneration
Scrolls
 f - 5 scrolls of teleportation
 g - 3 scrolls of fear
 j - 3 scrolls of remove curse
 l - 2 scrolls of fog
 s - 5 scrolls of enchant armour
 w - a scroll of acquirement {unknown}
 C - 5 scrolls of enchant weapon
Potions
 b - 2 potions of cancellation
 e - 3 potions of curing {unknown}
 h - a potion of magic
 k - a potion of brilliance
 n - 4 potions of flight
 o - 3 potions of might
 p - a potion of berserk rage
 q - 2 potions of resistance
 z - a potion of haste
 B - a potion of invisibility {unknown}
 D - 3 potions of heal wounds


   Skills:
 + Level 7.5 Fighting
 * Level 10.0 Maces & Flails
 - Level 1.7 Throwing
 + Level 7.1 Armour
 * Level 8.4 Dodging


You had 9 spell levels left.
You didn't know any spells.
Your spell library contained the following spells:

 Spells                   Type           Power        Failure   Level
 Corona                   Hex            0%           75%         1
 Magic Dart               Conj           0%           75%         1
 Searing Ray              Conj           0%           87%         2
 Slow                     Hex            0%           87%         2
 Dazzling Flash           Conj/Hex       0%           98%         3
 Inner Flame              Hex/Fire       0%           98%         3
 Portal Projectile        Hex/Tloc       0%           98%         3
 Cause Fear               Hex            0%           100%        4
 Fulminant Prism          Conj/Hex       0%           100%        4
 Iskenderun's Mystic Bla  Conj/Tloc      0%           100%        4
 Leda's Liquefaction      Hex/Erth       0%           100%        4


Dungeon Overview and Level Annotations

Branches:
Dungeon (8/15)             Temple (0/1) D:4           Sewer (visited)
 Bailey (1/1)
   Lair: D:8-11

Altars:
Dithmenos
Elyvilon
Kikubaaqudgha
Qazlal
Trog
Vehumet
Yredelemnul

Shops:
D:6 [   D:8 }(}(


Innate Abilities, Weirdness & Mutations

You are resistant to torment.
Your stone body is resilient. (AC +7)
You are immune to poison.
You resist negative energy. (rN+)
You are resistant to electric shocks. (rElec)
You can survive without breathing.
You are immune to petrification.
You are immune to miasma.


Message History

The orc warrior hits you with a +0 halberd!
* * * LOW HITPOINT WARNING * * *
You closely miss the orc knight.
The orc knight is severely wounded.
The orc knight completely misses you.
You barely miss the orc knight.
The orc knight is severely wounded.
The orc warrior closely misses you.
The orc knight hits you from afar with a +0 halberd!
* * * LOW HITPOINT WARNING * * *
The orc warrior hits you with a +0 halberd.
* * * LOW HITPOINT WARNING * * *
You sock the orc knight! You drain the orc knight.
The orc knight is almost dead.
The orc knight closely misses you.
You hit the orc knight but do no damage.
You drain the orc knight.
The orc knight is almost dead.
The orc warrior hits you from afar with a +0 glaive!!
You die...

#...))).#
#.......#
##.....##
###)###
#...#
#...#
#oo)#
#)oo#
###@###
##..)..##
#.......#
#...))..#
#..)).).#
#..)))).#
#..)))).#
#..))...#
#...)...#


You could see 2 orc knights and 2 orc warriors.

Vanquished Creatures
  A two-headed ogre (D:5)
  Pikel (D:4)
  2 orc knights (Bailey)
  An ugly thing (D:8)
  Grinder (D:6)
  Sigmund (D:6)
  Eustachio (D:4)
  A water moccasin (D:7)
  A black bear (D:7)
  A sky beast (D:7)
  10 orc warriors
  3 ogres
  An ice beast (D:6)
  5 centaurs
  2 big kobolds
  4 lemures
  A scorpion (D:4)
  4 killer bees (D:5)
  2 vampire bats (D:6)
  A bullfrog zombie (D:7)
  A bullfrog skeleton (D:4)
  6 hounds
  Crazy Yiuf (D:6)
  6 jellies
  A centaur skeleton (D:4)
  An iguana (D:5)
  9 worker ants
  A hound zombie (D:7)
  A worker ant zombie (D:6)
  3 gnolls (D:5)
  A howler monkey skeleton (D:5)
  9 adders
  2 river rats (D:3)
  2 shadow imps
  2 white imps (D:6)
  An ufetubus (D:7)
  4 oozes (Sewer)
  9 worms
  A dart slug (D:1)
  4 leopard geckos
  49 orcs
  4 ball pythons
  4 bat skeletons (D:6)
  2 bat zombies (D:6)
  14 giant cockroaches
  14 goblins
  18 hobgoblins
  13 jackals
  11 kobolds
  5 quokkas
  15 bats
  5 frilled lizards
  A leopard gecko skeleton (D:7)
  2 leopard gecko zombies (D:5)
  11 rats
277 creatures vanquished.

Vanquished Creatures (others)
  6 plants (D:2)
6 creatures vanquished.

Grand Total: 283 creatures vanquished

Notes
Turn   | Place    | Note
-------+----------+-------------------------------------------
     0 | D:1      | Borgoz the Gargoyle Gladiator began the quest for the Orb.
     0 | D:1      | Reached XP level 1. HP: 12/12 MP: 1/1
   130 | D:1      | Reached XP level 2. HP: 15/18 MP: 2/2
   313 | D:1      | Reached XP level 3. HP: 22/22 MP: 3/3
   335 | D:1      | Reached skill level 1 in Armour
  1000 | D:2      | Reached XP level 4. HP: 24/27 MP: 4/4
  1599 | D:3      | Found a glowing drain.
  1628 | D:3      | Reached skill level 4 in Maces & Flails
  1628 | D:3      | Reached XP level 5. HP: 11/32 MP: 5/5
  1728 | Sewer    | Entered a sewer
  2886 | Sewer    | Got a dazzling buckler
  2892 | Sewer    | Identified the +2 buckler of the Barber Surgeon {Str+2}
                  | (You found it in a sewer)
  3393 | D:3      | Found a basalt altar of Yredelemnul.
  3701 | D:3      | Reached XP level 6. HP: 37/37 MP: 6/6
  3941 | D:4      | Noticed Pikel
  4369 | D:4      | Killed Pikel
  4370 | D:4      | Reached skill level 5 in Maces & Flails
  4370 | D:4      | Reached XP level 7. HP: 4/43 MP: 7/7
  4556 | D:4      | Reached XP level 8. HP: 35/48 MP: 8/8
  4588 | D:4      | Reached skill level 6 in Maces & Flails
  4588 | D:4      | Reached skill level 5 in Dodging
  4725 | D:4      | Noticed Eustachio
  4802 | D:4      | Killed Eustachio
  4863 | D:4      | Found a staircase to the Ecumenical Temple.
  4868 | D:4      | Got a blackened buckler
  4879 | D:4      | Identified the +1 buckler "Plog" {rN+ rCorr Int+8 Dex-4}
                  | (You found it on level 4 of the Dungeon)
  4948 | D:4      | Found a radiant altar of Vehumet.
  5108 | D:5      | Entered Level 5 of the Dungeon
  5146 | D:5      | Found a bloodstained altar of Trog.
  5288 | D:5      | Reached skill level 5 in Fighting
  5362 | D:5      | Found a bloodstained altar of Trog.
  5406 | D:5      | Noticed a two-headed ogre
  5414 | D:5      | Killed a two-headed ogre
  5415 | D:5      | Reached skill level 7 in Maces & Flails
  5415 | D:5      | Reached skill level 5 in Armour
  5415 | D:5      | Reached XP level 9. HP: 54/55 MP: 9/9
  5474 | D:5      | Found a stormy altar of Qazlal.
  5965 | D:6      | Reached skill level 8 in Maces & Flails
  6088 | D:6      | Noticed Sigmund
  6105 | D:6      | Killed Sigmund
  6119 | D:6      | Found Vuonwu's Antique Armour Emporium.
  6127 | D:6      | Bought a dazzling scale mail for 279 gold pieces
  6137 | D:6      | Identified the +1 scale mail "Conoepao" {Regen+ Slay+3
                  | Stlth+} (You bought it in a shop on level 6 of the Dungeon)
  6454 | D:6      | Found an ancient bone altar of Kikubaaqudgha.
  6533 | D:6      | Noticed Grinder
  6535 | D:6      | Paralysed by Grinder for 2 turns
  6545 | D:6      | Paralysed by Grinder for 4 turns
  6552 | D:6      | Paralysed by Grinder for 5 turns
  6557 | D:6      | Killed Grinder
  6572 | D:6      | Reached XP level 10. HP: 61/61 MP: 10/10
  6644 | D:6      | Found a white marble altar of Elyvilon.
  6831 | D:6      | Found a runed translucent door.
  6832 | D:6      | Noticed Crazy Yiuf
  6838 | D:6      | Killed Crazy Yiuf
  7578 | D:7      | Reached skill level 9 in Maces & Flails
  7976 | D:8      | Found a shadowy altar of Dithmenos.
  7978 | D:8      | Noticed a purple ugly thing
  7990 | D:8      | Killed a purple ugly thing
  8076 | D:8      | Found Qemmiqoj's Weapon Shop.
  8076 | D:8      | Found Fumilop's Weapon Shop.
  8076 | D:8      | Found Ziuxadit's Gadget Shop.
  8079 | D:8      | Found Igalaweq's Gadget Shop.
  8182 | D:8      | Found a flagged portal.
  8203 | Bailey   | Entered a bailey
  8574 | Bailey   | Noticed an orc knight
  8575 | Bailey   | Noticed an orc knight
  8627 | Bailey   | Killed an orc knight
  8645 | Bailey   | Killed an orc knight
  8695 | Bailey   | Reached skill level 10 in Maces & Flails
  8735 | Bailey   | Noticed an orc knight
  8743 | Bailey   | Noticed an orc knight
  8789 | Bailey   | Mangled by an orc warrior

Illustrated notes

Levels and vault maps discovered:
D:1:      dpeg_arrival_windows_large_door, layout_rooms, palyth_stone_intersect,
          serial_park_tiny_1, st_stairs_6
D:2:      layout_basic, serial_bayou, serial_bayou_lake_a,
          serial_bayou_crossing, serial_bayou_shore_b, serial_bayou_pond_e,
          serial_bayou_pond_e, serial_bayou_pond_e
D:3:      layout_loops_corners, nicolae_overflow_hidden_temple,
          portal_sewer_entry_b, minmay_statues_item
D:4:      layout_rooms, general_overflow_altar,
          minmay_temple_entry_gardened_gates, minmay_close_crescents,
          uniq_pikel, uniq_eustachio
D:5:      layout_loops_ring, lightli_temple_of_fire,
          nicolae_qazlal_style_of_elements, trog_three_pillars_becter
D:6:      layout_loops_ring, kennysheep_mini_moat, kennysheep_vampire_church,
          serial_shops, shop, uniq_grinder, uniq_crazy_yiuf_cottage,
          uniq_sigmund
D:7:      layout_gridville
D:8:      minmay_distorted_concentric_squares, layout_loops_cross,
          grunt_dithmenos_smoke_and_mirrors, kennysheep_little_box, basic_altar,
          enter_bailey_4, minmay_shop_grid_forest, uniq_maggie
Bailey:   bailey_polearm_5, bailey

Skill      XL: |  1  2  3  4  5  6  7  8  9 10 |
---------------+-------------------------------+-----
Armour         | 1 2 3 5 6 7 |  7.1
Dodging        | 3 4 6 7 8 |  8.4
Maces & Flails | 4 5 7 8 10 | 10.0
Fighting       | 3 4 5 6 7 |  7.5
Throwing       | |  1.7

Action                   |  1- 3 |  4- 6 |  7- 9 | 10-12 || total
-------------------------+-------+-------+-------+-------++-------
Melee: Flail             |   137 |   382 |   315 |   264 ||  1098
Throw: Throwing net      |       |     4 |       |     1 ||     5
Evoke: Wand              |       |       |       |     1 ||     1
  Use: Potion            |       |     6 |       |     3 ||     9
       Scroll            |       |       |    15 |     2 ||    17
 Stab: Held in net/web   |       |     1 |       |       ||     1
       Sleeping          |       |       |     1 |       ||     1
Armor: Leather armour    |    25 |       |       |       ||    25
       Scale mail        |    73 |   303 |   262 |   181 ||   819
       Ring mail         |       |       |     5 |       ||     5
Dodge: Dodged            |   111 |   277 |   303 |   329 ||  1020
Block: Buckler           |       |    71 |   126 |   107 ||   304
